 Dungeon Crawl Stone Soup version 0.30-a0-851-gbd0d260d8e (webtiles) character file.

Game seed: 12629423673294601593

36530 KleinerIrrer the Thaumaturge (level 14, -1/110 HPs)
             Began as a Djinni Fire Elementalist on Mar 4, 2023.
             Was a High Priest of Makhleb.
             Slain by a minotaur
             ... wielding a staff of air
              (13 damage)
             ... in a Gauntlet.
             The game lasted 00:50:46 (19327 turns).

KleinerIrrer the Thaumaturge (DjFE)                Turns: 19327, Time: 00:50:46

Health: -1/110     AC: 11    Str:  7    XL:     14   Next: 24%
Gold:   1328       EV: 14    Int: 20    God:    Makhleb [*****.] SH:  5 Dex: 16

rFire   + . .      SeeInvis .    H - staff of air
rCold   + . .      Faith    .    (no shield)
rNeg    . . .      Spirit   .    z - +0 leather armour
rPois   ∞          Reflect  +    d - +2 hat {Will+}
rElec   +          Rampage  .    c - +2 cloak
rCorr   .          NoTele   +    F - +2 pair of gloves
Will    ++...                    (boots unavailable)
Stlth   ++                       k - amulet of reflection
HPRegen 0.38/turn                K - ring of ice
MPRegen 0.00/turn                a - ring of protection from cold

@: flying, studying Polearms
A: sickness immunity, fire resistance 2, cold vulnerability 1, float, innate
caster, HP casting, extra vitality 1
a: Renounce Religion, Minor Destruction, Lesser Servant of Makhleb, Major
Destruction, Greater Servant of Makhleb


You were in a Gauntlet.
You worshipped Makhleb.
Makhleb was extremely pleased with you.
You visited 3 branches of the dungeon, and saw 17 of its levels.
You also visited: Gauntlet.

You collected 1328 gold pieces.

Inventory:

Hand Weapons
 x - a +5 vampiric short sword
Missiles
 R - 3 curare-tipped darts
Armour
 c - a +2 cloak (worn)
 d - a +2 hat of willpower (worn)
 j - a +0 robe of cold resistance
 p - the +2 hat of Distant Shores {-Cast Rampage Regen+}
   (You found it in a Gauntlet)

   -Cast:     It prevents spellcasting.
   Regen:     It increases your rate of health regeneration.
   Rampage:   It bestows one free step when moving towards enemies.
 z - a +0 leather armour (worn)
 D - an orb of guile
 F - a +2 pair of gloves (worn)
Magical Staves
 H - a staff of air (weapon)
Jewellery
 a - a ring of protection from cold (right hand)
 k - an amulet of reflection (around neck)
 I - an amulet of the acrobat
 J - a +4 ring of protection
 K - a ring of ice (left hand)
Wands
 g - a wand of iceblast (5)
 n - a wand of mindburst (6)
 u - a wand of light (3)
 y - a wand of flame (23)
 A - a wand of polymorph (9)
 P - a wand of charming (15)
Scrolls
 b - 2 scrolls of fog
 f - a scroll of brand weapon
 h - 2 scrolls of vulnerability
 m - 4 scrolls of teleportation
 q - a scroll of blinking
 t - 5 scrolls of amnesia
 v - a scroll of magic mapping
 B - 2 scrolls of enchant armour
 E - a scroll of noise
 G - a scroll of silence {unknown}
 N - a scroll of enchant weapon
 Q - a scroll of immolation {unknown}
Potions
 e - 2 potions of invisibility
 i - a potion of ambrosia
 l - 3 potions of cancellation
 o - a potion of attraction {unknown}
 r - 5 potions of lignification
 s - 3 potions of brilliance
 w - 3 potions of might
 C - 10 potions of mutation
 L - 2 potions of haste {unknown}
 M - 2 potions of resistance
 O - 5 potions of curing
 S - 2 potions of berserk rage {unknown}


   Skills:
 + Level 13.2 Fighting
 + Level 6.7 Dodging
 - Level 1.5 Stealth
 * Level 14.6 Spellcasting


You knew the following spells:

 Your Spells              Type           Power      Damage    Failure   Level
a - Foxfire               Conj/Fire      100%       2x1d9     0%          1
b - Scorch                Fire           100%       2d10      1%          2
c - Kindle Blastsparks    Fire/Tloc/Air  100%       2d18      1%          3
d - Inner Flame           Hex/Fire       65%        N/A       1%          3
e - Flame Wave            Conj/Fire      65%        2d15      1%          4
f - Beastly Appendage     Tmut           100%       N/A       0%          1
g - Wereblood             Tmut           65%        N/A       1%          2
h - Vhi's Electric Charg  Tloc/Air       100%       N/A       1%          3
i - Ignite Poison         Fire/Tmut/Pois 65%        N/A       1%          3
j - Fulminant Prism       Conj/Hex       32%        3d15      1%          4
k - Metabolic Englaciati  Hex/Ice        41%        N/A       1%          5
Your spell library was empty.

Dungeon Overview and Level Annotations

Branches:
Dungeon (10/15)            Temple (0/1) D:7            Lair (5/5) D:8
  Swamp (0/4) Lair:3        Snake (0/4) Lair:2        Slime (0/5) Lair:5
    Orc (2/2) D:9         Gauntlet (1/1)
    Elf: Orc:2

Altars:
Ashenzari
Cheibriados
Makhleb
Nemelex Xobeh
Okawaru
Uskayaw
Wu Jian
Jiyva

Shops:
D:9 :

Annotations:
D:6 1 runed translucent door, Crazy Yiuf
D:10 3 runed translucent doors, MacCMillion's ghost, journeyman DjAE
Lair:2 3 runed translucent doors, Zekacab's ghost, journeyman OgWr Gauntlet 6 transporters, 1 runed translucent door


Innate Abilities, Weirdness & Mutations

You are immune to sickness and miasma.
You are immune to poison.
Your flesh is very heat resistant. (rF++)
You are vulnerable to cold. (rC-)
You float through the air rather than walking.
You learn spells naturally, not from books.
Your magical power is your life essence.
You have superior vitality. (+4 MHP)


Message History

Casting: Kindle Blastsparks (safe; 1% risk of failure)
Confirm with . or Enter, or press ? or * to list all spells.
You feel a surge of power!
A cloud of volatile blastsparks flares up around you!
The cloud of blastsparks explodes!
The concussive blast engulfs the minotaur!
The minotaur is heavily wounded.
The concussive blast engulfs you! You resist.
You are knocked back by the blast.
Casting: Kindle Blastsparks (safe; 1% risk of failure)
Confirm with . or Enter, or press ? or * to list all spells.
You feel a surge of power!
A cloud of volatile blastsparks flares up around you!
The cloud of blastsparks explodes!
The concussive blast engulfs the minotaur!
The minotaur is severely wounded.
The concussive blast engulfs you. You resist.
You are knocked back by the blast.
Casting: Kindle Blastsparks (safe; 1% risk of failure)
Confirm with . or Enter, or press ? or * to list all spells.
You feel a surge of power!
A cloud of volatile blastsparks flares up around you!
The minotaur hits you with a staff of air!!
You are electrocuted.
You block the minotaur's attack. The minotaur attacks as you move away!
The minotaur misses you. You block the minotaur's attack.
The cloud of blastsparks explodes!
The concussive blast engulfs the minotaur!!
The minotaur is almost dead.
The concussive blast engulfs you! You resist.
You are knocked back by the blast.
Casting: Kindle Blastsparks (safe; 1% risk of failure)
Confirm with . or Enter, or press ? or * to list all spells.
You feel a surge of power!
A cloud of volatile blastsparks flares up around you!
The minotaur hits you with a staff of air!!
* * * LOW HITPOINT WARNING * * *
You are electrocuted.
* * * LOW HITPOINT WARNING * * *
The minotaur gores you!
You die...

#≈≈≈#≈≈≈#..∩.⌠.∩..#≈≈≈#≈
##≈###≈###.......###≈###
## ##################
#.................
#.⌠.⌠.⌠.©.©.⌠.⌠.⌠.
#.................
###.##.##.##.##.##
##.##.##.# .# #
#.@....... ..
#H##.##.##.##.
#.##.##.##.##.##
#...............
###.##.#'###.##
###.##.#.# #......#.#
##.##.##.# #.##.##∩#


You could see a minotaur.

Vanquished Creatures
  Gastronok (Lair:3)
  An orc warlord (Orc:1)
  4 hydras
  A two-headed ogre (D:10)
  2 boulder beetles
  3 death yaks (Lair:3)
  A thrashing horror (Gauntlet)
  An orc high priest (Orc:2)
  A skyshark (Lair:4)
  Amaemon (D:9)
  Pikel (D:4)
  An orc knight (Orc:2)
  An orc sorcerer (Orc:2)
  3 cyclopes
  7 black mambas
  7 cane toads
  An orange demon (D:9)
  Maggie (D:7)
  4 rime drakes
  An ice devil (Gauntlet)
  A yaktaur (D:10)
  7 komodo dragons
  4 trolls
  A polar bear (Lair:4)
  A polar bear (shapeshifter) (D:10)
  5 blink frogs (Lair:2)
  2 shadows (D:9)
  2 wyverns (Lair:2)
  26 yaks
  2 steam dragons
  3 basilisks
  4 vampire mosquitoes (Lair:3)
  3 wargs
  An acid dragon (D:9)
  3 swamp worms (Gauntlet)
  Duvessa (D:6)
  13 water moccasins
  15 orc warriors
  A sky beast (D:7)
  2 black bears
  An ice beast (D:7)
  7 centaurs
  4 ogres
  6 wolves
  2 lemures (D:4)
  A kobold brigand (D:8)
  10 bullfrogs
  2 scorpions
  12 wights
  Dowan (D:6)
  7 killer bees
  2 howler monkeys (D:8)
  A gnoll bouda (D:5)
  12 orc priests
  4 jellies
  2 sleepcaps
  2 iguanas
  Terence (D:3)
  12 orc wizards
  Robin (D:3)
  7 gnolls
  10 adders
  A shadow imp (D:6)
  8 white imps
  An ufetubus (D:5)
  A worm (D:2)
  4 dart slugs
  39 orcs
  12 endoplasms
  6 giant cockroaches
  16 goblins
  13 hobgoblins
  6 jackals
  13 kobolds
  5 quokkas
  7 ball pythons
  8 bats
  2 frilled lizards (D:1)
  5 rats
  3 fulminant prisms
397 creatures vanquished.

Vanquished Creatures (others)
  119 foxfires
  83 fulminant prisms
  13 fungi
  18 plants
  5 withered plants (Lair:2)
238 creatures vanquished.

Grand Total: 635 creatures vanquished

Notes
Turn   | Place    | Note
-------+----------+-------------------------------------------
     0 | D:1      | KleinerIrrer the Djinni Fire Elementalist began the quest
                  | for the Orb.
     0 | D:1      | KleinerIrrer set off with the following spells memorised:
                  | Foxfire, Scorch, Kindle Blastsparks, Inner Flame, Flame
                  | Wave.
     0 | D:1      | Reached XP level 1. HP: 15/15 MP: 0/0
   239 | D:1      | Reached XP level 2. HP: 18/22 MP: 0/0
   352 | D:1      | Found a faded altar of an unknown god.
   380 | D:1      | Reached skill level 1 in Fighting
   412 | D:1      | Reached XP level 3. HP: 24/27 MP: 0/0
   412 | D:1      | Learned a level 1 spell: Beastly Appendage
   415 | D:1      | Reached skill level 3 in Spellcasting
  1116 | D:2      | Reached XP level 4. HP: 27/33 MP: 0/0
  1490 | D:2      | Reached XP level 5. HP: 31/38 MP: 0/0
  1490 | D:2      | Learned a level 2 spell: Wereblood
  2127 | D:3      | Noticed Terence
  2133 | D:3      | Killed Terence
  2134 | D:3      | Reached skill level 4 in Spellcasting
  2277 | D:3      | Noticed Robin
  2345 | D:3      | Reached XP level 6. HP: 43/45 MP: 0/0
  2347 | D:3      | Killed Robin
  2585 | D:3      | Found a sparkling altar of Nemelex Xobeh.
  2586 | D:3      | Found a burning altar of Makhleb.
  2593 | D:3      | Became a worshipper of Makhleb the Destroyer
  3661 | D:4      | Noticed Pikel
  3675 | D:4      | Killed Pikel
  3676 | D:4      | Reached skill level 5 in Spellcasting
  3676 | D:4      | Reached XP level 7. HP: 17/53 MP: 0/0
  3676 | D:4      | Learned a level 3 spell: Vhi's Electric Charge
  3676 | D:4      | Reached XP level 8. HP: 18/58 MP: 0/0
  3943 | D:4      | Reached skill level 6 in Spellcasting
  4296 | D:5      | Entered Level 5 of the Dungeon
  4369 | D:5      | Reached * piety under Makhleb
  4374 | D:5      | Reached skill level 5 in Fighting
  4900 | D:5      | Found a snail-covered altar of Cheibriados.
  4920 | D:5      | Found an iron altar of Okawaru.
  4922 | D:5      | Found a broken altar of Ashenzari.
  5317 | D:6      | Noticed Duvessa
  5317 | D:6      | Noticed Dowan
  5329 | D:6      | Killed Duvessa
  5338 | D:6      | Killed Dowan
  5339 | D:6      | Reached skill level 7 in Spellcasting
  5339 | D:6      | Reached XP level 9. HP: 49/66 MP: 0/0
  5339 | D:6      | Learned a level 3 spell: Ignite Poison
  5566 | D:6      | Found a hide-covered altar of Uskayaw.
  6204 | D:6      | Found a runed translucent door.
  6205 | D:6      | Noticed Crazy Yiuf
  6495 | D:7      | Noticed Maggie
  6511 | D:7      | Killed Maggie
  6512 | D:7      | Reached skill level 8 in Spellcasting
  6831 | D:7      | Found a staircase to the Ecumenical Temple.
  6980 | D:7      | Reached XP level 10. HP: 71/75 MP: 0/0
  7152 | D:8      | You are sucked into a shaft and drop 1 floor!
  7211 | D:9      | Reached skill level 9 in Spellcasting
  7606 | D:8      | Reached ** piety under Makhleb
  7754 | D:8      | Found a staircase to the Lair.
  8813 | Lair:1   | Entered Level 1 of the Lair of Beasts
  8829 | Lair:1   | Noticed a boulder beetle
  8880 | Lair:1   | Reached skill level 10 in Spellcasting
  9041 | Lair:1   | Reached XP level 11. HP: 83/84 MP: 0/0
  9041 | Lair:1   | Learned a level 4 spell: Fulminant Prism
  9221 | Lair:1   | Noticed a seven-headed hydra
  9238 | Lair:1   | Killed a seven-headed hydra
  9436 | Lair:1   | Reached skill level 11 in Spellcasting
  9631 | Lair:1   | Killed a boulder beetle
  9829 | Lair:2   | Reached skill level 10 in Fighting
 10080 | Lair:2   | Found a staircase to the Snake Pit.
 10230 | Lair:2   | Noticed Zekacab's ghost (journeyman OgWr)
 10319 | Lair:2   | Found a runed translucent gate.
 10320 | Lair:2   | Found a runed translucent gate.
 10321 | Lair:2   | Found a runed translucent gate.
 10372 | Lair:2   | Reached XP level 12. HP: 66/92 MP: 0/0
 10551 | Lair:2   | Reached skill level 12 in Spellcasting
 10790 | Lair:2   | Reached *** piety under Makhleb
 11295 | Lair:3   | Noticed Gastronok
 11306 | Lair:3   | Killed Gastronok
 11664 | Lair:3   | Noticed a seven-headed hydra
 11808 | Lair:3   | Killed a seven-headed hydra
 11915 | Lair:3   | Reached skill level 13 in Spellcasting
 11998 | Lair:3   | Found a staircase to the Swamp.
 12027 | Lair:3   | Noticed a death yak
 12033 | Lair:3   | Noticed a death yak
 12035 | Lair:3   | Killed a death yak
 12057 | Lair:3   | Killed a death yak
 12060 | Lair:3   | Noticed a death yak
 12070 | Lair:3   | Killed a death yak
 12071 | Lair:3   | Reached XP level 13. HP: 69/100 MP: 0/0
 12071 | Lair:3   | Learned a level 5 spell: Metabolic Englaciation
 13126 | Lair:4   | Noticed an eight-headed hydra
 13132 | Lair:4   | Killed an eight-headed hydra
 13369 | Lair:4   | Reached **** piety under Makhleb
 14040 | Lair:4   | Found a hide-covered altar of Uskayaw.
 14042 | Lair:4   | Found an ornate altar of the Wu Jian Council.
 14073 | Lair:4   | HP: 5/102 [boulder beetle (6)]
 14730 | D:9      | Found a staircase to the Orcish Mines.
 14825 | D:9      | Found Ivvinik's Book Boutique.
 14886 | D:9      | Noticed Amaemon
 14903 | D:9      | Killed Amaemon
 15426 | D:10     | Entered Level 10 of the Dungeon
 16228 | D:10     | Reached skill level 5 in Dodging
 16228 | D:10     | Reached skill level 14 in Spellcasting
 16434 | D:10     | Found a runed translucent gate.
 16435 | D:10     | Found a runed translucent gate.
 16435 | D:10     | Found a runed translucent gate.
 16438 | D:10     | Noticed MacCMillion's ghost (journeyman DjAE)
 16578 | Orc:1    | Entered Level 1 of the Orcish Mines
 16773 | Orc:1    | Noticed an orc warlord
 16787 | Orc:1    | Killed an orc warlord
 17107 | Orc:2    | Entered Level 2 of the Orcish Mines
 17124 | Orc:2    | Reached ***** piety under Makhleb
 17403 | Orc:2    | Reached XP level 14. HP: 83/108 MP: 0/0
 18239 | Lair:5   | Entered Level 5 of the Lair of Beasts
 18294 | Lair:5   | Found a staircase to the Slime Pits.
 18295 | Lair:5   | Found a viscous altar of Jiyva.
 18416 | Lair:5   | Found a gate leading to a gauntlet.
 18446 | Gauntlet | Entered a Gauntlet
 18446 | Gauntlet | Found a transporter.
 18446 | Gauntlet | Found a transporter.
 18446 | Gauntlet | Found a runed translucent door.
 18446 | Gauntlet | Found a runed translucent door.
 18578 | Gauntlet | Found a transporter.
 18579 | Gauntlet | Found a transporter.
 18582 | Gauntlet | Found a transporter.
 18582 | Gauntlet | Found a transporter.
 18618 | Gauntlet | Found a transporter.
 18619 | Gauntlet | Found a transporter.
 18627 | Gauntlet | Found a transporter.
 18669 | Gauntlet | Found a transporter.
 18687 | Gauntlet | Found a transporter.
 18688 | Gauntlet | Found a transporter.
 18740 | Gauntlet | Identified the +2 hat of Distant Shores {-Cast Rampage
                  | Regen+}
 19313 | Gauntlet | Identified the +0 scale mail of Midnight {Rampage Dex+6}
 19313 | Gauntlet | Noticed a minotaur
 19327 | Gauntlet | Slain by a minotaur

Illustrated notes

Levels and vault maps discovered:
D:1:      heliophobic_arrival_glass_houses, layout_basic,
          hellmonk_ecumenical_altar_leap_of_faith
D:2:      minmay_razor_zed, layout_rooms, basic_altar
D:3:      layout_loops_ring, gammafunk_temple_overflow_claw,
          chequers_serial_rivers_large_b, uniq_robin, uniq_terence
D:4:      layout_basic, uniq_pikel
D:5:      layout_cave_pools, nicolae_overflow_hidden_temple,
          kennysheep_generic_room_10
D:6:      layout_basic, nicolae_uskayaw_dance_hall, minmay_manual_mares,
          uniq_duvessa, uniq_crazy_yiuf_cottage
D:7:      layout_loops_ring, overflow_temple_1_default,
          minmay_temple_entry_drinking_statues, minmay_holes, uniq_maggie
D:8:      layout_gridville, erik_lair_orcish_takeover
D:9:      layout_small_grid, david_orc_3, serial_shops, shop_fountains,
          serial_co_window_serial, co_window_paths_a, co_window_paths_a,
          co_window_of_opportunity_a, co_window_corner_a, co_window_corner_a,
          co_window_of_opportunity_a, co_window_paths_a, co_window_broadway_b,
          co_window_corner_b, co_window_corner_b, co_window_broadway_c,
          co_window_paths_c, co_window_of_opportunity_b, glass_columns_a,
          uniq_amaemon
D:10:     layout_basic, gammafunk_ghost_necromancy, minivault_20
Lair:1:   layout_roguey
Lair:2:   layout_cave_pods, minmay_snake_entry_six_corridors,
          ebering_ghost_rock_garden, st_stairs_6, pdpol_lair_neglected_garden
Lair:3:   layout_roguey, minmay_swamp_entry_swarm, uniq_gastronok
Lair:4:   layout_cave_pods, nzn_masters_of_martial_movement,
          serial_bayou_shore_b, grunt_megastairs_3
Lair:5:   cheibrodos_lair_end_hotspot, layout_cave_pods,
          nicolae_slime_entry_slimehenge, gauntlet_entry_generic
Orc:1:    layout_caves
Orc:2:    st_orc_mages, layout_caves
Gauntlet: minmay_gauntlet_77_indecision [minmay_gauntlet_arena_77_cramped,
          minmay_gauntlet_arena_77_tiled_triplets,
          minmay_gauntlet_arena_77_double_cross,
          minmay_gauntlet_arena_77_broken_ladder,
          minmay_gauntlet_arena_77_terracotta_army,
          minmay_gauntlet_arena_77_mirror, gauntlet_exit_green]

Skill      XL: |  1  2  3  4  5  6  7  8  9 10 11 12 13 14 |
---------------+-------------------------------------------+-----
Fighting       | 1 2 4 5 7 9 10 11 12 13 | 13.2
Spellcasting   | 3 4 5 7 8 10 11 13 14 | 14.6
Dodging        | 5 6 |  6.7
Stealth        | |  1.5

Action                     |  1- 3 |  4- 6 |  7- 9 | 10-12 | 13-15 || total
---------------------------+-------+-------+-------+-------+-------++-------
  Melee: Dagger            |    15 |     9 |       |       |       ||    24
         Short sword       |       |     7 |     4 |     6 |     4 ||    21
   Cast: Foxfire           |    35 |    16 |     8 |     6 |     3 ||    68
         Scorch            |     6 |    55 |    75 |   159 |   231 ||   526
         Kindle Blastspark |     1 |    26 |    21 |    45 |    25 ||   118
         Flame Wave        |       |       |     4 |     1 |     6 ||    11
         Inner Flame       |       |       |       |    15 |     5 ||    20
         Fulminant Prism   |       |       |       |    24 |    62 ||    86
         Metabolic Englaci |       |       |       |       |     4 ||     4
    Use: Scroll            |       |     7 |       |    10 |    11 ||    28
         Potion            |       |       |       |     2 |     2 ||     4
   Stab: Sleeping          |     2 |       |       |       |       ||     2
 Armour: Robe              |    17 |     9 |     9 |       |       ||    35
         Leather armour    |       |       |       |    57 |    69 ||   126
  Dodge: Dodged            |    47 |    28 |    21 |    58 |   105 ||   259
  Block: Other             |       |     9 |    10 |    29 |    37 ||    85
         Reflection        |       |       |     7 |       |     2 ||     9

Table legend: (Time is in decaauts)
 A = Elapsed time spent in this place.
 B = Non-inter-level travel time spent in this place.
 C = Inter-level travel time spent in this place.
 D = Time resting spent in this place.
 E = Time spent auto-exploring this place.
 F = Levels seen in this place.
 G = Mean time per level.
                   A        B        C        D        E       F      G
               +--------+--------+--------+--------+--------+-----+--------+
         Total |  19338 |  18104 |   1234 |   3591 |  11420 |  18 | 1074.3 |
       Dungeon |  11255 |  10710 |    545 |   1195 |   7917 |  10 | 1125.5 |
          Lair |   6276 |   5712 |    564 |   1519 |   3234 |   5 | 1255.2 |
  Orcish Mines |    927 |    803 |    124 |    301 |    240 |   2 |  463.5 |
      Gauntlet |    879 |    879 |      0 |    576 |     29 |   1 |  879.0 |
               +--------+--------+--------+--------+--------+-----+--------+

Top non-repeatable levels by time:
  Lair:4: 1980 daAuts
  Lair:2: 1869 daAuts
     D:9: 1763 daAuts
  Lair:3: 1384 daAuts
     D:6: 1255 daAuts
     D:8: 1213 daAuts
     D:4: 1134 daAuts
    D:10: 1125 daAuts
     D:1: 1109 daAuts
     D:2: 1100 daAuts
     D:3: 1018 daAuts
  Lair:1: 888 daAuts
Gauntlet: 879 daAuts
     D:7: 837 daAuts
     D:5: 696 daAuts
